[ PARTIDA AOE2 · #465707359 ]
1v1 RMJemeres vs Cumans
Equipo del jugador · DERR
Equipo rival · VICT
[ ANÁLISIS DE REPETICIÓN · EXTRAÍDO DE LA PARTIDA GRABADA ]
Feudal
14:24
Castillos
18:10
Imperial
31:02
| APM promedio | 24.1 |
| APM pico | 46 |
| eAPM promedio | 15.4 |
| Aldeanos / militares | 114 / 108 |
Foco
⚔️ 25.5% · 🌾 74.5%
Spearman ×60 · Archer ×39 · Fishing Ship ×5 · Trebuchet (Packed) ×5 · Battle Elephant ×4
Feudal
14:10
Castillos
23:07
Imperial
36:01
| APM promedio | 19.8 |
| APM pico | 37 |
| eAPM promedio | 14.1 |
| Aldeanos / militares | 113 / 135 |
Foco
⚔️ 22.3% · 🌾 77.7%
Steppe Lancer ×102 · Fishing Ship ×26 · Spearman ×25 · Trebuchet (Packed) ×5 · Scout Cavalry ×2 · Monk ×1
Mapa de la partida
Recursos al inicio + cada clic de construcción. Línea gruesa = muro · recuadro discontinuo = muro de casas detectado. 🟡 oro · ⚪ piedra · 🟢 bayas · 🔶 jabalí · ⭕ reliquia
Tu base· Abierta — hueco de 5t
Base de Libertatis94· Abierta — flanco sin cerrar
Terreno con relieve · ⚠ = hueco de muro detectado · pasá el cursor para detalles
Inputs por minuto
— MLGGandalf - - Libertatis94
Build order — MLGGandalf
Primeras 150 de 264 acciones detectadas
| 0:02 | Construir | Town Center |
| 0:20 | Construir | House |
| 0:20 | Construir | House |
| 1:29 | Construir | Dock |
| 2:15 | Crear | Villager (Male) ×4 |
| 2:27 | Investigar | Loom |
| 3:11 | Crear | Villager (Male) |
| 3:44 | Crear | Villager (Male) |
| 4:10 | Crear | Villager (Male) |
| 4:32 | Crear | Villager (Male) |
| 5:04 | Crear | Villager (Male) |
| 5:26 | Crear | Villager (Male) |
| 6:07 | Crear | Villager (Male) |
| 6:08 | Crear | Fishing Ship |
| 6:14 | Construir | House |
| 7:11 | Crear | Fishing Ship |
| 7:18 | Crear | Villager (Male) |
| 7:25 | Crear | Villager (Male) |
| 7:37 | Crear | Villager (Male) |
| 7:41 | Crear | Fishing Ship |
| 7:44 | Crear | Villager (Male) |
| 7:48 | Construir | House |
| 8:03 | Crear | Villager (Male) |
| 8:10 | Construir | Farm |
| 8:22 | Construir | Farm |
| 8:23 | Crear | Villager (Male) |
| 8:34 | Crear | Villager (Male) |
| 8:46 | Construir | Farm |
| 8:54 | Crear | Villager (Male) |
| 8:58 | Construir | Farm |
| 9:17 | Crear | Fishing Ship |
| 9:26 | Construir | House |
| 9:28 | Crear | Villager (Male) |
| 9:41 | Construir | Farm |
| 9:41 | Crear | Villager (Male) |
| 9:59 | Crear | Villager (Male) |
| 10:00 | Crear | Fishing Ship |
| 10:06 | Construir | House |
| 10:21 | Crear | Villager (Male) |
| 10:51 | Construir | Mining Camp |
| 10:53 | Crear | Villager (Male) |
| 10:53 | Crear | Villager (Male) |
| 11:01 | Construir | Farm |
| 11:08 | Construir | Farm |
| 11:17 | Crear | Villager (Male) |
| 11:26 | Crear | Villager (Male) |
| 11:35 | Construir | Farm |
| 11:36 | Crear | Villager (Male) |
| 11:58 | Construir | Farm |
| 11:59 | Crear | Villager (Male) |
| 12:12 | Construir | Farm |
| 12:14 | Investigar | Feudal Age |
| 13:08 | Crear | Villager (Male) |
| 13:21 | Construir | House |
| 13:53 | Construir | House |
| 14:24 | Edad | Edad Feudal |
| 15:30 | Investigar | Castle Age |
| 15:30 | Investigar | Castle Age |
| 15:38 | Construir | Stable |
| 15:43 | Construir | Blacksmith |
| 16:02 | Construir | House |
| 16:04 | Crear | Villager (Male) |
| 16:04 | Crear | Villager (Male) |
| 16:05 | Crear | Villager (Male) |
| 16:14 | Construir | Lumber Camp |
| 16:52 | Investigar | Double-Bit Axe |
| 17:10 | Construir | House |
| 17:18 | Crear | Villager (Male) |
| 17:19 | Crear | Villager (Male) |
| 17:33 | Investigar | Scale Barding Armor |
| 17:34 | Investigar | Fletching |
| 17:46 | Crear | Villager (Male) |
| 17:46 | Crear | Villager (Male) |
| 18:10 | Edad | Edad de los Castillos |
| 18:11 | Crear | Battle Elephant ×2 |
| 18:14 | Crear | Villager (Male) |
| 18:15 | Crear | Villager (Male) |
| 18:19 | Construir | Farm |
| 18:21 | Crear | Villager (Male) |
| 18:21 | Crear | Villager (Male) |
| 18:21 | Crear | Villager (Male) |
| 18:22 | Crear | Villager (Male) |
| 18:35 | Investigar | Bow Saw |
| 18:35 | Investigar | Bow Saw |
| 18:54 | Construir | Farm |
| 19:09 | Construir | House |
| 19:11 | Crear | Villager (Male) |
| 19:16 | Investigar | Forging |
| 19:18 | Investigar | Bodkin Arrow |
| 19:19 | Investigar | Forging |
| 19:25 | Crear | Villager (Male) |
| 20:26 | Crear | Villager (Male) |
| 20:37 | Crear | Villager (Male) |
| 20:37 | Crear | Villager (Male) |
| 21:39 | Construir | Town Center |
| 21:45 | Crear | Villager (Male) |
| 21:46 | Crear | Villager (Male) |
| 21:58 | Construir | House |
| 22:03 | Construir | House |
| 22:12 | Crear | Villager (Male) |
| 22:13 | Crear | Villager (Male) |
| 22:19 | Investigar | Padded Archer Armor |
| 22:22 | Construir | Archery Range |
| 22:24 | Crear | Villager (Male) |
| 22:25 | Crear | Villager (Male) |
| 22:30 | Crear | Villager (Male) |
| 22:31 | Crear | Villager (Male) |
| 22:40 | Crear | Villager (Male) |
| 22:40 | Crear | Villager (Male) |
| 22:41 | Crear | Villager (Male) |
| 22:41 | Crear | Villager (Male) |
| 22:41 | Crear | Villager (Male) |
| 22:56 | Construir | Lumber Camp |
| 23:08 | Construir | House |
| 23:20 | Crear | Villager (Male) |
| 23:29 | Investigar | Wheelbarrow |
| 23:37 | Investigar | Crossbowman (upgrade) |
| 23:38 | Crear | Archer ×2 |
| 23:43 | Crear | Villager (Male) |
| 23:43 | Crear | Villager (Male) |
| 23:47 | Crear | Villager (Male) |
| 23:47 | Crear | Villager (Male) |
| 23:48 | Crear | Villager (Male) |
| 24:01 | Construir | House |
| 24:04 | Construir | House |
| 24:13 | Construir | Archery Range |
| 24:19 | Crear | Archer ×3 |
| 24:23 | Crear | Villager (Male) |
| 24:23 | Crear | Villager (Male) |
| 24:35 | Crear | Villager (Male) |
| 24:40 | Construir | Mining Camp |
| 24:48 | Crear | Villager (Male) |
| 24:48 | Crear | Villager (Male) |
| 24:48 | Crear | Villager (Male) |
| 24:49 | Crear | Villager (Male) |
| 25:13 | Construir | Archery Range |
| 25:16 | Crear | Archer ×5 |
| 25:16 | Crear | Archer ×5 |
| 25:19 | Crear | Villager (Male) |
| 25:33 | Construir | Mill |
| 25:37 | Construir | House |
| 25:39 | Crear | Villager (Male) |
| 25:48 | Construir | Farm |
| 25:56 | Investigar | Gold Mining |
| 25:57 | Investigar | Gold Mining |
| 26:00 | Construir | Farm |
| 26:07 | Crear | Archer ×3 |
| 26:07 | Crear | Archer ×3 |
| 26:20 | Crear | Archer ×2 |
| 26:20 | Crear | Archer ×2 |
Build order — Libertatis94
Primeras 150 de 343 acciones detectadas
| 0:26 | Construir | Town Center |
| 2:19 | Construir | House |
| 2:37 | Crear | Villager (Male) |
| 2:37 | Crear | Villager (Male) |
| 2:51 | Crear | Villager (Male) |
| 2:51 | Crear | Villager (Male) |
| 3:42 | Construir | Dock |
| 4:00 | Crear | Villager (Male) |
| 4:00 | Crear | Villager (Male) |
| 4:09 | Construir | House |
| 4:36 | Crear | Villager (Male) |
| 5:03 | Crear | Villager (Male) |
| 5:37 | Crear | Villager (Male) |
| 5:41 | Crear | Villager (Male) |
| 5:41 | Crear | Villager (Male) |
| 6:22 | Crear | Villager (Male) |
| 6:29 | Construir | House |
| 6:43 | Crear | Villager (Male) |
| 7:16 | Crear | Villager (Male) |
| 7:16 | Crear | Villager (Male) |
| 7:24 | Construir | House |
| 7:44 | Crear | Villager (Male) |
| 8:01 | Crear | Fishing Ship |
| 8:01 | Crear | Fishing Ship |
| 8:16 | Crear | Villager (Male) |
| 8:16 | Crear | Villager (Male) |
| 8:54 | Crear | Villager (Male) |
| 8:55 | Crear | Villager (Male) |
| 8:57 | Crear | Fishing Ship |
| 9:35 | Crear | Villager (Male) |
| 9:40 | Construir | House |
| 9:45 | Construir | House |
| 9:52 | Crear | Villager (Male) |
| 10:05 | Investigar | Loom |
| 10:13 | Crear | Fishing Ship |
| 10:31 | Crear | Fishing Ship |
| 11:33 | Construir | Lumber Camp |
| 11:35 | Crear | Villager (Male) |
| 12:00 | Investigar | Feudal Age |
| 12:04 | Crear | Fishing Ship |
| 12:09 | Crear | Fishing Ship |
| 13:03 | Crear | Fishing Ship |
| 13:13 | Crear | Fishing Ship |
| 13:19 | Construir | House |
| 13:20 | Construir | House |
| 14:01 | Crear | Fishing Ship |
| 14:10 | Edad | Edad Feudal |
| 14:23 | Construir | Town Center |
| 14:34 | Crear | Villager (Male) |
| 14:36 | Crear | Villager (Male) |
| 14:39 | Construir | House |
| 14:40 | Construir | House |
| 14:58 | Crear | Fishing Ship |
| 15:24 | Crear | Villager (Male) |
| 15:39 | Investigar | Double-Bit Axe |
| 15:41 | Crear | Villager (Male) |
| 15:44 | Crear | Fishing Ship |
| 15:44 | Crear | Fishing Ship |
| 15:59 | Crear | Villager (Male) |
| 16:00 | Crear | Villager (Male) |
| 16:21 | Crear | Villager (Male) |
| 16:24 | Investigar | Tech 906 |
| 16:29 | Crear | Villager (Male) |
| 16:29 | Crear | Villager (Male) |
| 16:35 | Crear | Villager (Male) |
| 16:46 | Crear | Villager (Male) |
| 16:48 | Crear | Villager (Male) |
| 16:51 | Crear | Villager (Male) |
| 16:52 | Crear | Villager (Male) |
| 16:58 | Crear | Fishing Ship |
| 16:59 | Crear | Fishing Ship |
| 17:07 | Crear | Villager (Male) |
| 17:13 | Construir | Dock |
| 17:16 | Construir | House |
| 17:17 | Construir | House |
| 17:19 | Crear | Villager (Male) |
| 17:27 | Construir | Barracks |
| 17:30 | Crear | Villager (Male) |
| 17:31 | Crear | Villager (Male) |
| 17:42 | Crear | Fishing Ship |
| 17:43 | Crear | Fishing Ship |
| 18:10 | Crear | Villager (Male) |
| 18:11 | Crear | Villager (Male) |
| 18:25 | Construir | Stable |
| 18:27 | Construir | Blacksmith |
| 18:28 | Crear | Villager (Male) |
| 18:30 | Crear | Villager (Male) |
| 18:33 | Crear | Fishing Ship |
| 18:33 | Crear | Fishing Ship |
| 18:34 | Crear | Fishing Ship |
| 18:47 | Construir | House |
| 18:48 | Construir | House |
| 19:33 | Crear | Villager (Male) |
| 19:57 | Crear | Fishing Ship |
| 19:57 | Crear | Fishing Ship |
| 20:09 | Crear | Spearman |
| 20:09 | Crear | Spearman |
| 20:27 | Investigar | Castle Age |
| 20:37 | Crear | Spearman |
| 20:42 | Crear | Villager (Male) |
| 20:44 | Crear | Fishing Ship |
| 20:45 | Crear | Fishing Ship |
| 20:51 | Construir | Barracks |
| 20:53 | Construir | Stable |
| 21:00 | Crear | Spearman |
| 21:34 | Crear | Villager (Male) |
| 21:34 | Crear | Villager (Male) |
| 21:35 | Crear | Villager (Male) |
| 22:01 | Investigar | Scale Mail Armor |
| 22:05 | Crear | Spearman |
| 22:05 | Crear | Spearman |
| 22:14 | Construir | Mill |
| 22:16 | Crear | Villager (Male) |
| 22:23 | Investigar | Wheelbarrow |
| 22:25 | Crear | Fishing Ship |
| 22:26 | Crear | Fishing Ship |
| 22:44 | Construir | Lumber Camp |
| 22:49 | Investigar | Horse Collar |
| 22:55 | Crear | Villager (Male) |
| 22:56 | Crear | Villager (Male) |
| 23:01 | Crear | Spearman |
| 23:07 | Edad | Edad de los Castillos |
| 23:09 | Construir | Farm |
| 23:10 | Construir | Farm |
| 23:11 | Construir | Farm |
| 23:14 | Crear | Villager (Male) |
| 23:15 | Crear | Villager (Male) |
| 23:20 | Construir | House |
| 23:21 | Construir | House |
| 23:22 | Construir | House |
| 23:33 | Investigar | Pikeman (upgrade) |
| 23:39 | Investigar | Chain Mail Armor |
| 23:57 | Crear | Villager (Male) |
| 23:58 | Crear | Villager (Male) |
| 24:14 | Crear | Villager (Male) |
| 24:14 | Crear | Villager (Male) |
| 24:21 | Crear | Villager (Male) |
| 24:26 | Crear | Spearman ×2 |
| 24:31 | Construir | House |
| 24:32 | Construir | House |
| 24:33 | Construir | House |
| 24:35 | Construir | House |
| 24:36 | Crear | Villager (Male) |
| 24:36 | Crear | Villager (Male) |
| 24:43 | Construir | Lumber Camp |
| 24:54 | Construir | Farm |
| 24:56 | Construir | Farm |
| 24:57 | Construir | Farm |
| 25:14 | Construir | Mining Camp |
| 25:21 | Construir | Mill |
Cronología de la partida
| 1:29 | MLGGandalf · first_building Dock |
| 3:42 | Libertatis94 · first_building Dock |
| 14:10 | Libertatis94 · age_up feudal |
| 14:24 | MLGGandalf · age_up feudal |
| 15:38 | MLGGandalf · first_building Stable |
| 17:27 | Libertatis94 · first_building Barracks |
| 18:10 | MLGGandalf · age_up castle |
| 18:25 | Libertatis94 · first_building Stable |
| 22:22 | MLGGandalf · first_building Archery Range |
| 23:07 | Libertatis94 · age_up castle |
| 29:44 | Libertatis94 · first_building Monastery |
| 31:02 | MLGGandalf · age_up imperial |
| 32:32 | MLGGandalf · first_building Castle |
| 34:56 | MLGGandalf · first_building Barracks |
| 35:42 | Libertatis94 · first_building Castle |
| 36:01 | Libertatis94 · age_up imperial |
| 37:12 | MLGGandalf · first_market_sell 100 wood |
| 42:36 | MLGGandalf · resign |
[ ANÁLISIS IA · 1 CRÉDITO ]
¿Qué pasó realmente en esta partida?
Wolo.gg analiza cada decisión: build order, eco, micro, errores típicos por bracket. Análisis personalizado por WhatsApp o Discord en 30 segundos.
Guía civ
Jemeres
Guía mapa
Nomad
Perfil
MLGGandalf